[Event "2nd Goa GM Open 2019"]
[Site "Goa"]
[Date "2019.06.19"]
[Round "2.7"]
[White "Neelash Saha"]
[Black "Stupak, Kirill"]
[Result "1/2-1/2"]
[ECO "B07"]
[WhiteElo "2315"]
[BlackElo "2584"]
[Annotator "RC"]
[PlyCount "233"]
[EventDate "2019.06.17"]
[EventType "swiss"]
[EventCountry "IND"]
[SourceTitle "playchess.com"]
[Source "ChessBase"]
[SourceQuality "1"]
[TimeControl "5400+30"]

1. d4 g6 2. e4 Bg7 3. Nc3 d6 4. Be2 Nf6 5. h4 c5 6. d5 Na6 7. Nh3 Nc7 8. h5 e6 9. dxe6 Nxe6 10. h6 Bf8 11. Be3 a6 12. g4 b5 13. g5 b4 14. Nd5 Nxd5 15. Qxd5 Nc7 16. Qd2 Bb7 17. O-O-O Be7 18. f3 d5 19. Qe1 d4 20. Qg3 Ne6 21. Bd2 Bd6 22. Qg2 Qc7 23. Bc4 O-O-O 24. Qe2 a5 25. f4 Rhe8 26. Rhe1 Kb8 27. Qg4 Bc8 28. Qf3 Bb7 29. Rf1 Nf8 30. Rde1 Nd7 31. Bxf7 Rf8 32. Be6 c4 33. Bxd7 Rxd7 34. Kb1 c3 35. Bc1 Ba6 36. Rd1 Rc8 37. Rf2 d3 38. Rxd3 Bxd3 39. cxd3 Bc5 40. Rc2 Rcd8 41. Nf2 Bxf2 42. Qxf2 Rxd3 43. f5 Rd1 44. fxg6 hxg6 45. Qe2 Rh1 46. Qb5+ Ka7 47. a3 Rd2 48. Qa4 Rxc2 49. Qxc2 Rh2 50. Qb3 Rh1 51. axb4 cxb2 52. Qxb2 axb4 53. e5 Qc4 54. Qc2 Qxc2+ 55. Kxc2 Kb6 56. Bb2 Kc6 57. Kb3 Rh4 58. Bc1 Kd5 59. Bd2 Rg4 60. Bc1 Ke6 61. Bd2 Kf5 62. Bc1 Rd4 63. Bb2 Rh4 64. Bc1 Kxe5 65. Bb2+ Kd5 66. Bf6 Kc5 67. Bg7 Rh3+ 68. Ka2 Kc4 69. Be5 Kd5 70. Bf6 Ke6 71. Bd8 Kf5 72. Be7 Rg3 73. Bf6 Rh3 74. Be7 Kf4 75. Kb2 b3 76. Ka3 Ke4 77. Bf6 Kd5 78. Kb2 Kc5 79. Bc3 Kc4 80. Be5 Kb4 81. Bd6+ Kb5 82. Ka3 Kc4 83. Be5 Kd3 84. Kb2 Ke4 85. Bf6 Kd5 86. Ka3 Kc5 87. Bg7 Kb5 88. Bf6 Kc4 89. Be5 Rh5 90. Kb2 Kb4 91. Bd6+ Ka4 92. Bf4 Rh4 93. Be5 Rh3 94. Bf4 Rf3 95. Be5 Rf2+ 96. Kb1 Rf1+ 97. Kb2 Rh1 98. Bg3 Rd1 99. Be5 Rd7 100. Bg7 Rd2+ 101. Kc1 Rh2 102. Be5 Rh3 103. Kb2 Rh1 104. Bg3 Rf1 105. Be5 Rf2+ 106. Kb1 Rf7 107. Kb2 Kb4 108. Bc3+ Kc4 109. Bg7 Rf2+ 110. Kb1 Rh2 111. Be5 Rh1+ 112. Kb2 Rh3 113. Ka3 Re3 114. h7 Re2 115. Bb2 Re7 116. Bg7 Re2 117. Bb2 1/2-1/2

[Event "2nd Goa GM Open 2019"]
[Site "Goa"]
[Date "2019.06.19"]
[Round "2.11"]
[White "Siva Mahadevan"]
[Black "Deepan Chakkravarthy J."]
[Result "0-1"]
[ECO "D85"]
[WhiteElo "2298"]
[BlackElo "2557"]
[Annotator "ChessBase"]
[PlyCount "100"]
[EventDate "2019.06.17"]
[EventType "swiss"]
[EventCountry "IND"]
[SourceTitle "playchess.com"]
[Source "ChessBase"]
[SourceQuality "1"]
[TimeControl "5400+30"]

1. d4 Nf6 2. c4 g6 3. Nc3 d5 4. cxd5 Nxd5 5. e4 Nxc3 6. bxc3 Bg7 7. Nf3 c5 8. Rb1 O-O 9. Be2 Nd7 10. O-O b6 11. Qd3 Nf6 12. Ba3 Qc7 13. e5 Bf5 14. Qd2 Ne4 15. Qe3 cxd4 16. cxd4 Nc3 17. Rbc1 Nxe2+ 18. Qxe2 Qb7 19. Rc3 Rfc8 20. Rfc1 Bh6 21. Rxc8+ Rxc8 22. Rxc8+ Bxc8 23. Qb5 Bd7 24. Qb4 Bf8 25. Bc1 Bc6 26. Qc3 Bd5 27. a3 Qc6 28. Qxc6 Bxc6 29. Kf1 f6 30. Bb2 Kf7 31. Ke2 Ke6 32. Ne1 fxe5 33. dxe5 Bg7 34. f4 g5 35. fxg5 Bxe5 36. Bxe5 Kxe5 37. Ke3 Kf5 38. h4 a5 39. Nf3 Be8 40. Kd4 Kg4 41. Kd5 b5 42. Ke6 b4 43. axb4 axb4 44. Kxe7 Bg6 45. Nd4 Kxh4 46. Kf6 Kg4 47. Ke5 Kxg5 48. Kd5 b3 49. Nxb3 Bf7+ 50. Kd4 Bxb3 0-1

[Event "2nd Goa GM Open 2019"]
[Site "Goa"]
[Date "2019.06.19"]
[Round "2.15"]
[White "Tukhaev, Adam"]
[Black "Saravana, Krishnan P."]
[Result "1/2-1/2"]
[ECO "C03"]
[WhiteElo "2527"]
[BlackElo "2290"]
[Annotator "ChessBase"]
[PlyCount "84"]
[EventDate "2019.06.17"]
[EventType "swiss"]
[EventCountry "IND"]
[SourceTitle "playchess.com"]
[Source "ChessBase"]
[SourceQuality "1"]
[TimeControl "5400+30"]

1. e4 e6 2. d4 d5 3. Nd2 h6 4. Ngf3 Nf6 5. e5 Nfd7 6. Bd3 c5 7. c4 Nb6 8. O-O Nc6 9. cxd5 Nxd5 10. Ne4 cxd4 11. a3 Qc7 12. Re1 Bd7 13. Bd2 Nxe5 14. Rc1 Nxf3+ 15. Qxf3 Bc6 16. b4 Qd7 17. Qg3 a6 18. Nc5 Bxc5 19. Rxc5 Kf8 20. h4 Rd8 21. h5 Qd6 22. Qh4 Qe7 23. Qg3 Qd6 24. Qh4 Qe7 25. Qg4 Qd6 26. Rec1 e5 27. Bxa6 Nf6 28. Qe2 Bxg2 29. Kxg2 bxa6 30. Qxe5 Qd7 31. Qf5 Qxf5 32. Rxf5 Kg8 33. Rc7 Kh7 34. Rxf6 gxf6 35. Rxf7+ Kg8 36. Rxf6 Kg7 37. Rxa6 Rhe8 38. Rxh6 Re2 39. Rg6+ Kh7 40. Rh6+ Kg7 41. Rg6+ Kh7 42. Rh6+ Kg7 1/2-1/2

[Event "2nd Goa GM Open 2019"]
[Site "Goa"]
[Date "2019.06.19"]
[Round "2.20"]
[White "Venkatesh, M.R."]
[Black "Bhambure, Shantanu"]
[Result "0-1"]
[ECO "B23"]
[WhiteElo "2490"]
[BlackElo "2248"]
[Annotator "ChessBase"]
[PlyCount "98"]
[EventDate "2019.06.17"]
[EventType "swiss"]
[EventCountry "IND"]
[SourceTitle "playchess.com"]
[Source "ChessBase"]
[SourceQuality "1"]
[TimeControl "5400+30"]

1. e4 c5 2. Nc3 a6 3. g3 b5 4. Bg2 Bb7 5. d3 e6 6. Nh3 Nf6 7. O-O d6 8. f4 b4 9. Ne2 Be7 10. Nf2 Nc6 11. g4 O-O 12. Ng3 d5 13. g5 Ne8 14. exd5 exd5 15. Qg4 Nd4 16. c3 f5 17. Qh3 Nc2 18. Rb1 Nd6 19. Qh5 d4 20. Bxb7 Nxb7 21. Qe2 Ne3 22. Bxe3 dxe3 23. Qxe3 Qd7 24. Qf3 Rae8 25. Rfd1 a5 26. Nf1 Nd8 27. d4 Qa7 28. Ne3 cxd4 29. cxd4 Ne6 30. Nc4 Kh8 31. d5 Nd4 32. Qd3 Bc5 33. Ne5 Rd8 34. Qc4 Rc8 35. Rbc1 g6 36. Kf1 Bb6 37. Qd3 Rcd8 38. Qh3 Kg8 39. Qg2 Rfe8 40. Nfd3 Qa6 41. Rc4 Qb5 42. d6 Rxd6 43. Rdc1 Red8 44. Rc8 Qd5 45. Qxd5+ Rxd5 46. Rxd8+ Rxd8 47. Nc4 Bc7 48. Kf2 Ne6 49. Ke3 Rd4 {[%emt 0:00:18] Kxd4} 0-1

[Event "2nd Goa GM Open 2019"]
[Site "Goa"]
[Date "2019.06.19"]
[Round "2.22"]
[White "Rahman, Ziaur"]
[Black "Shelke Sankarsha"]
[Result "1-0"]
[ECO "A06"]
[WhiteElo "2481"]
[BlackElo "2239"]
[Annotator "ChessBase"]
[PlyCount "145"]
[EventDate "2019.06.17"]
[EventType "swiss"]
[EventCountry "IND"]
[SourceTitle "playchess.com"]
[Source "ChessBase"]
[SourceQuality "1"]
[TimeControl "5400+30"]

1. Nf3 d5 2. g3 c6 3. Bg2 Bg4 4. c4 e6 5. Qb3 Qb6 6. Qc2 Nd7 7. d3 Ngf6 8. Nc3 Bxf3 9. exf3 Bd6 10. O-O O-O 11. Rb1 a5 12. b3 e5 13. Bh3 Rad8 14. a3 h6 15. b4 axb4 16. axb4 d4 17. Na2 Qa7 18. Bd2 Ra8 19. Nc1 b6 20. Bg2 Qc7 21. Nb3 c5 22. b5 Ra3 23. Ra1 Rfa8 24. Rxa3 Rxa3 25. Bc1 Ra7 26. Re1 Nf8 27. h4 Ng6 28. Bd2 Ra3 29. Bc1 Ra7 30. Qe2 Qb8 31. Rd1 Ra4 32. Rd2 Qa7 33. Rb2 Rb4 34. Qc2 Ra4 35. Bh3 Ra3 36. Bf1 Qa4 37. Kg2 Qa8 38. Be2 Qa4 39. Bd1 Qa8 40. Kg1 Kh7 41. Qe2 Kg8 42. Rd2 Ra7 43. Rc2 Kh8 44. Nd2 Ra2 45. Ne4 Rxc2 46. Qxc2 Nxe4 47. fxe4 Qc8 48. Qa2 Qb8 49. Bh5 Kh7 50. Kg2 Qb7 51. Qe2 Qa7 52. Qf3 Qd7 53. Bg4 Qa7 54. Qf5 Kg8 55. Qc8+ Nf8 56. Qc6 Qc7 57. Qd5 Ng6 58. Bh5 Nf8 59. Bxf7+ Kh7 60. Bh5 Qe7 61. Bg4 g6 62. h5 Kg7 63. hxg6 Nxg6 64. Bf5 Nf8 65. Qc6 Qd8 66. Bd2 Qb8 67. Kh3 Qd8 68. f4 exf4 69. Bxf4 Bxf4 70. gxf4 Qb8 71. e5 Qd8 72. Kg4 Nh7 73. Qg6+ 1-0

[Event "2nd Goa GM Open 2019"]
[Site "Goa"]
[Date "2019.06.19"]
[Round "2.23"]
[White "Deshpande, Aniruddha"]
[Black "Kunte, Abhijit"]
[Result "1/2-1/2"]
[ECO "C84"]
[WhiteElo "2242"]
[BlackElo "2478"]
[Annotator "RC"]
[PlyCount "66"]
[EventDate "2019.06.17"]
[EventType "swiss"]
[EventCountry "IND"]
[SourceTitle "playchess.com"]
[Source "ChessBase"]
[SourceQuality "1"]
[TimeControl "5400+30"]

1. e4 e5 2. Nf3 Nc6 3. Bb5 a6 4. Ba4 Nf6 5. O-O Be7 6. d3 d6 7. c3 O-O 8. h3 b5 9. Bc2 Bb7 10. Nbd2 Nb8 11. Re1 Nbd7 12. Nf1 Re8 13. Ng3 Bf8 14. b3 g6 15. Bb2 Bg7 16. d4 c6 17. dxe5 Nxe5 18. Nxe5 dxe5 19. Qxd8 Raxd8 20. Rad1 Bf8 21. Bc1 Be7 22. Rxd8 Rxd8 23. Rd1 Rxd1+ 24. Bxd1 h5 25. Bg5 Kf8 26. Bc2 c5 27. Kf1 Nd7 28. Bxe7+ Kxe7 29. Ke2 Nb6 30. Ke3 Bc8 31. Ne2 h4 32. Ng1 g5 33. Nf3 f6 1/2-1/2

[Event "2nd Goa GM Open 2019"]
[Site "Goa"]
[Date "2019.06.19"]
[Round "2.24"]
[White "Srihari L R"]
[Black "Kostenko, Petr"]
[Result "0-1"]
[ECO "A04"]
[WhiteElo "2214"]
[BlackElo "2473"]
[Annotator "ChessBase"]
[PlyCount "148"]
[EventDate "2019.06.17"]
[EventType "swiss"]
[EventCountry "IND"]
[SourceTitle "playchess.com"]
[Source "ChessBase"]
[SourceQuality "1"]
[TimeControl "5400+30"]

1. Nf3 c5 2. c4 g6 3. Nc3 Bg7 4. e3 Nf6 5. d4 cxd4 6. exd4 d5 7. Bg5 Ne4 8. Bf4 Nxc3 9. bxc3 O-O 10. cxd5 Qxd5 11. Be2 Nc6 12. O-O b6 13. Be3 Na5 14. Nd2 Bb7 15. Bf3 Qd7 16. Bxb7 Qxb7 17. Qa4 Rac8 18. Rac1 Rfd8 19. Rfd1 Qc7 20. g3 h5 21. h4 Qb7 22. Qb5 Qd7 23. Qe2 Qe6 24. Nf1 Nc4 25. Re1 Re8 26. Bg5 Qd5 27. Ne3 Nxe3 28. Bxe3 Rc4 29. Bf4 e6 30. Be5 Bh6 31. Rc2 Rec8 32. Qd3 Kh7 33. Bf6 Qf5 34. Qxf5 gxf5 35. d5 Kg6 36. Be7 exd5 37. Rce2 Rxc3 38. Re5 Rd3 39. Bd6 Rd8 40. Bc7 Rd7 41. Bb8 Ra3 42. Re7 Rxe7 43. Rxe7 Rxa2 44. Bxa7 Bf8 45. Rd7 Rb2 46. Rxd5 Bc5 47. Kf1 Rxf2+ 48. Ke1 Rb2 49. Bb8 Rb4 50. Rd8 Re4+ 51. Kf1 Be7 52. Rg8+ Kh7 53. Rc8 Re6 54. Ba7 Bc5 55. Bb8 Kg7 56. Rd8 Be7 57. Rd5 Kf6 58. Bf4 Re4 59. Rd7 Ke6 60. Rb7 Rb4 61. Be3 Bc5 62. Bf4 Rb2 63. Rc7 f6 64. Ke1 Bd4 65. Rh7 b5 66. Rxh5 b4 67. Rh7 Bc3+ 68. Kd1 b3 69. Kc1 Rh2 70. Kd1 Rh1+ 71. Ke2 b2 72. Rb7 b1=Q 73. Rxb1 Rxb1 74. Kf3 Be5 0-1

[Event "2nd Goa GM Open 2019"]
[Site "Goa"]
[Date "2019.06.19"]
[Round "2.25"]
[White "Neverov, Valeriy"]
[Black "Deshmukh, Anup"]
[Result "1-0"]
[ECO "E21"]
[WhiteElo "2470"]
[BlackElo "2229"]
[Annotator "ChessBase"]
[PlyCount "137"]
[EventDate "2019.06.17"]
[EventType "swiss"]
[EventCountry "IND"]
[SourceTitle "playchess.com"]
[Source "ChessBase"]
[SourceQuality "1"]
[TimeControl "5400+30"]

1. d4 Nf6 2. Nf3 e6 3. c4 b6 4. Nc3 Bb4 5. e3 O-O 6. Bd3 d5 7. cxd5 exd5 8. O-O Bb7 9. Bd2 Nbd7 10. Rc1 a6 11. Ne5 Nxe5 12. dxe5 Bxc3 13. Bxc3 Ne4 14. b4 Nxc3 15. Rxc3 g6 16. Qg4 Re8 17. Qd4 c6 18. a4 a5 19. Rb1 Re6 20. Ra3 axb4 21. Qxb4 c5 22. Qb2 Bc6 23. Bc2 Ra6 24. f4 Qe8 25. Bd1 Re7 26. Be2 c4 27. Qd4 b5 28. Bf3 Rb7 29. Raa1 b4 30. e4 dxe4 31. Qxc4 exf3 32. Qxa6 b3 33. Rd1 b2 34. Rab1 Be4 35. gxf3 Bxb1 36. Qxb7 Bc2 37. Re1 b1=Q 38. Rxb1 Bxb1 39. Qxb1 Qxa4 40. Qe4 Qd1+ 41. Kg2 Qd2+ 42. Kg3 Qc1 43. Qd4 h6 44. h4 h5 45. Kg2 Qc2+ 46. Qf2 Qd3 47. Qe1 Qd5 48. Kg3 Kg7 49. f5 gxf5 50. Kf4 Kf8 51. Qb4+ Kg8 52. Qd6 Qc4+ 53. Kg5 Qe2 54. Qd8+ Kh7 55. Kf6 Qc4 56. Qd7 Qxh4+ 57. Kxf7 Qg5 58. Kf8+ Kh8 59. e6 h4 60. f4 Qf6+ 61. Ke8 h3 62. Qf7 Qc3 63. Qh5+ Kg7 64. Qg5+ Kh8 65. Qh6+ Kg8 66. Qf8+ Kh7 67. Qxf5+ Kg7 68. Qg5+ Kh7 69. Kf7 1-0

[Event "2nd Goa GM Open 2019"]
[Site "Goa"]
[Date "2019.06.19"]
[Round "2.26"]
[White "Aaryan Varshney"]
[Black "Aditya Mittal"]
[Result "1-0"]
[ECO "D48"]
[WhiteElo "2196"]
[BlackElo "2461"]
[Annotator "ChessBase"]
[PlyCount "107"]
[EventDate "2019.06.17"]
[EventType "swiss"]
[EventCountry "IND"]
[SourceTitle "playchess.com"]
[Source "ChessBase"]
[SourceQuality "1"]
[TimeControl "5400+30"]

1. d4 d5 2. c4 c6 3. Nf3 Nf6 4. Nc3 e6 5. e3 Nbd7 6. Bd3 dxc4 7. Bxc4 b5 8. Bd3 a6 9. e4 c5 10. d5 c4 11. dxe6 fxe6 12. Bc2 Nc5 13. Qxd8+ Kxd8 14. O-O Ke8 15. Be3 Bb7 16. Ng5 Nfd7 17. a3 h6 18. Nf3 g5 19. Bd4 Rg8 20. Rad1 Bg7 21. Bxg7 Rxg7 22. Rd2 Ke7 23. Rfd1 Rf8 24. Nd4 Ne5 25. Nde2 h5 26. f3 Bc6 27. Nd4 Bd7 28. Re2 Kd8 29. b4 cxb3 30. Bxb3 Nxb3 31. Nxe6+ Kc8 32. Nxf8 Bc6 33. Ne6 Rg6 34. Nd4 Nxd4 35. Rxd4 g4 36. fxg4 Rxg4 37. Rf2 h4 38. Rf5 Nc4 39. a4 Ne3 40. Rf2 Kb7 41. h3 Rg5 42. axb5 axb5 43. Rd3 Nc4 44. Rf7+ Kb6 45. Rf5 Rxf5 46. exf5 b4 47. Na2 Kc5 48. Rb3 Nd6 49. Nxb4 Kc4 50. Rb2 Be4 51. f6 Kc3 52. Re2 Bb7 53. Re7 Kxb4 54. f7 1-0

[Event "2nd Goa GM Open 2019"]
[Site "Goa"]
[Date "2019.06.19"]
[Round "2.27"]
[White "Vignesh N R"]
[Black "Vantika Agrawal"]
[Result "1-0"]
[ECO "B30"]
[WhiteElo "2459"]
[BlackElo "2223"]
[Annotator "ChessBase"]
[PlyCount "150"]
[EventDate "2019.06.17"]
[EventType "swiss"]
[EventCountry "IND"]
[SourceTitle "playchess.com"]
[Source "ChessBase"]
[SourceQuality "1"]
[TimeControl "5400+30"]

1. e4 c5 2. Nf3 Nc6 3. Nc3 e5 4. Bc4 d6 5. d3 Be7 6. O-O Nf6 7. Ng5 O-O 8. f4 Bg4 9. Qe1 exf4 10. Bxf4 Nd4 11. Qf2 Qd7 12. h3 Be6 13. Be3 Bxc4 14. dxc4 h6 15. Nf3 Nxf3+ 16. Qxf3 Qe6 17. b3 Bd8 18. e5 dxe5 19. Qxb7 Bb6 20. Qf3 Nd7 21. g4 Rfd8 22. Ne4 Rac8 23. Rad1 Nf8 24. Rd5 Qe7 25. g5 Rxd5 26. cxd5 hxg5 27. Qxf7+ Qxf7 28. Rxf7 Rd8 29. Rb7 Rxd5 30. Nxg5 Rd6 31. c4 Ne6 32. Rb8+ Rd8 33. Rxd8+ Nxd8 34. Kg2 Kf8 35. Kf3 Ke7 36. Ke4 Kf6 37. Kd5 Kf5 38. Ne4 Ne6 39. Ng3+ Kf6 40. Ne4+ Kf5 41. Nd6+ Kf6 42. Ke4 Nd4 43. Nb5 Ke6 44. Nxd4+ exd4 45. Bd2 a5 46. a3 Bc7 47. b4 cxb4 48. axb4 axb4 49. Bxb4 Be5 50. Bc5 d3 51. Be3 Bc7 52. Bd2 Bb6 53. Kxd3 Kf5 54. Be3 Bd8 55. c5 g5 56. Kd4 g4 57. hxg4+ Kxg4 58. Ke4 Bc7 59. c6 Ba5 60. Bf4 Bb6 61. Bb8 Ba5 62. Bd6 Bb6 63. Ke5 Kf3 64. Kd5 Kg4 65. Bc5 Ba5 66. Bb4 Bb6 67. Kc4 Kf5 68. Kb5 Bc7 69. Ka6 Ke6 70. Kb7 Bf4 71. Ba5 Kd5 72. Bc7 Bg5 73. Bg3 Bd8 74. Bf2 Kc4 75. Bb6 Bxb6 1-0

[Event "2nd Goa GM Open 2019"]
[Site "Goa"]
[Date "2019.06.19"]
[Round "2.28"]
[White "Senthil Maran K"]
[Black "Karthikeyan, P.."]
[Result "1/2-1/2"]
[ECO "A04"]
[WhiteElo "2187"]
[BlackElo "2445"]
[Annotator "NA"]
[PlyCount "97"]
[EventDate "2019.06.17"]
[EventType "swiss"]
[EventCountry "IND"]
[SourceTitle "playchess.com"]
[Source "ChessBase"]
[SourceQuality "1"]
[TimeControl "5400+30"]

1. Nf3 c5 2. e3 Nf6 3. d4 g6 4. d5 Bg7 5. Nc3 O-O 6. Bc4 d6 7. e4 Na6 8. O-O Nc7 9. a4 b6 10. Qe2 Bg4 $16 11. h3 Bxf3 12. Qxf3 a6 13. Qe2 Nd7 14. Bg5 Re8 15. f4 Qc8 16. e5 dxe5 17. d6 exd6 18. f5 gxf5 19. Rxf5 Ne6 20. Qh5 f6 21. Ne4 Re7 22. Nxf6+ Nxf6 23. Bxf6 Bxf6 24. Rxf6 Kh8 25. Bxe6 Rxe6 26. Qh6 Re7 27. Rxd6 Rg7 28. Qf6 Qb7 29. g4 Qe4 30. Rad1 Qe3+ 31. Kg2 Qe4+ 32. Kg3 Qe3+ 33. Kh4 Rag8 34. Rd7 Qf4 35. Qxf4 exf4 36. R7d6 Rg6 37. Rxg6 Rxg6 38. g5 h6 39. gxh6 Kh7 40. Rd2 Kxh6 41. Rf2 b5 42. axb5 axb5 43. b3 Rg3 44. Rxf4 Rc3 45. Rf6+ Kg7 46. Rf2 b4 47. Kg4 c4 48. bxc4 Rxc4+ 49. Rf4 1/2-1/2

[Event "2nd Goa GM Open 2019"]
[Site "Goa"]
[Date "2019.06.19"]
[Round "2.29"]
[White "Patil, Pratik"]
[Black "Mohammad Nubairshah Shaikh"]
[Result "0-1"]
[ECO "B18"]
[WhiteElo "2184"]
[BlackElo "2436"]
[Annotator "NA"]
[PlyCount "108"]
[EventDate "2019.06.17"]
[EventType "swiss"]
[EventCountry "IND"]
[SourceTitle "playchess.com"]
[Source "ChessBase"]
[SourceQuality "1"]
[TimeControl "5400+30"]

1. e4 c6 2. d4 d5 3. Nd2 dxe4 4. Nxe4 Bf5 5. Ng3 Bg6 6. c3 e6 7. Nh3 Bd6 8. Nf4 Qc7 9. Qf3 Nf6 10. h4 Nbd7 11. h5 Bc2 12. Bd3 Bxd3 13. Nxd3 h6 14. O-O O-O 15. Re1 Qa5 16. Ne4 Nxe4 17. Rxe4 Nf6 18. Rh4 Qd5 19. Qh3 Rfd8 20. Bf4 Bxf4 21. Nxf4 Qb5 22. Nd3 Rd5 23. a4 Qb3 24. Qf3 Rad8 25. Qe2 Qc4 26. Qc2 Rxh5 27. Rxh5 Nxh5 28. Nb4 Nf4 29. Re1 Nd5 30. Nd3 Qa6 31. Nc5 Qb6 32. a5 Qc7 33. b4 b6 34. axb6 axb6 35. Nd3 Ra8 36. Qb2 Qa7 37. c4 Ne7 38. Ne5 Qa2 39. Qc1 Qb3 40. Qf4 Nf5 41. Nxc6 Qxc4 42. Rc1 Qe2 43. d5 g5 44. Qc7 Ra2 45. Qxb6 exd5 46. Rf1 Rd2 47. Qb8+ Kg7 48. b5 Rb2 49. b6 Qe6 50. b7 Ne7 51. Nd8 Qb6 52. Qe5+ Kf8 53. Rc1 Qxd8 54. Rc8 Rb1+ 0-1

[Event "2nd Goa GM Open 2019"]
[Site "Goa"]
[Date "2019.06.19"]
[Round "2.29"]
[White "Patil, Pratik"]
[Black "Mohammad Nubairshah Shaikh"]
[Result "*"]
[ECO "B18"]
[WhiteElo "2184"]
[BlackElo "2436"]
[Annotator "NA"]
[PlyCount "23"]
[EventDate "2019.06.17"]
[EventType "swiss"]
[EventCountry "IND"]
[SourceTitle "playchess.com"]
[Source "ChessBase"]
[SourceQuality "1"]
[TimeControl "5400+30"]

1. e4 c6 2. d4 d5 3. Nd2 dxe4 4. Nxe4 Bf5 5. Ng3 Bg6 6. c3 e6 7. Nh3 Bd6 8. Nf4 Qc7 9. Qf3 Nf6 10. Bd3 Bxd3 11. Nxd3 h6 12. O-O *

[Event "2nd Goa GM Open 2019"]
[Site "Goa"]
[Date "2019.06.19"]
[Round "2.30"]
[White "Michelle Catherina, P."]
[Black "Sammed Jaykumar, Shete"]
[Result "0-1"]
[ECO "B69"]
[WhiteElo "2182"]
[BlackElo "2431"]
[Annotator "NA"]
[PlyCount "118"]
[EventDate "2019.06.17"]
[EventType "swiss"]
[EventCountry "IND"]
[SourceTitle "playchess.com"]
[Source "ChessBase"]
[SourceQuality "1"]
[TimeControl "5400+30"]

1. e4 c5 2. Nf3 d6 3. d4 Nf6 4. Nc3 cxd4 5. Nxd4 Nc6 6. Bg5 e6 7. Qd2 a6 8. O-O-O Be7 9. f4 Bd7 10. Nf3 b5 11. Bxf6 gxf6 12. Kb1 Qb6 13. g3 O-O-O 14. f5 Kb8 15. fxe6 fxe6 16. Bh3 Rhe8 $11 17. Ne2 Bf8 18. Rhf1 Bc8 19. Nfd4 d5 20. Rxf6 Nxd4 21. Qxd4 Bc5 22. Qe5+ Bd6 23. Qd4 Qc7 24. Qd3 Bb7 25. e5 Bxe5 26. Rxe6 Rxe6 27. Bxe6 d4 28. Rf1 Qc6 29. Bh3 Qh6 30. Qf5 Bc7 31. Ng1 Qe3 32. Qf2 Bb6 33. Qe2 Be4 34. Qxe3 dxe3 35. Kc1 Rd2 36. Rf8+ Kb7 37. Rf7+ Kc6 38. Rf6+ Kc7 39. Rf7+ Kd8 40. Rf8+ Ke7 41. Rf4 Rxc2+ 42. Kb1 Rc4+ 43. Rxe4+ Rxe4 44. Ne2 Re5 45. Bg4 h5 46. Bf3 Rf5 47. Be4 Rf2 48. Bd3 Rxh2 49. a4 b4 50. Kc2 a5 51. Kb3 Kd6 52. Bb5 h4 53. gxh4 Rxh4 54. Bd3 Rh8 55. Ba6 Rh5 56. Kc4 Rd5 57. Kb3 Rd2 58. Ng3 Ke5 59. Ne2 Bd4 0-1

[Event "2nd Goa GM Open 2019"]
[Site "Goa"]
[Date "2019.06.19"]
[Round "3.4"]
[White "Sahoo, Utkal Ranjan"]
[Black "Petrosyan, Manuel"]
[Result "0-1"]
[ECO "A45"]
[WhiteElo "2371"]
[BlackElo "2573"]
[Annotator "ChessBase"]
[PlyCount "69"]
[EventDate "2019.06.17"]
[EventType "swiss"]
[EventCountry "IND"]
[SourceTitle "playchess.com"]
[Source "ChessBase"]
[SourceQuality "1"]
[TimeControl "5400+30"]

1. d4 Nf6 2. Bg5 e6 3. e4 h6 4. Bxf6 Qxf6 5. c3 Nc6 6. e5 Qg6 7. Nf3 d6 8. Bd3 Qxg2 9. Rg1 Qh3 10. Nbd2 dxe5 11. dxe5 g5 12. Rg3 Qh5 13. Ne4 Bg7 14. Qb3 a6 15. Nf6+ Bxf6 16. exf6 g4 17. Nd2 Qe5+ 18. Ne4 b6 19. O-O-O Bb7 20. Bc2 Rd8 21. Rgd3 O-O 22. Qc4 Qf4+ 23. Kb1 b5 24. Qc5 Rxd3 25. Bxd3 Rd8 26. Qe3 Qxe3 27. fxe3 Ne5 28. Nc5 Rxd3 29. Rxd3 Nxd3 30. Nxb7 h5 31. Kc2 h4 32. Kxd3 g3 33. hxg3 h3 34. Nc5 h2 35. Kd4 0-1

[Event "2nd Goa GM Open 2019"]
[Site "Goa"]
[Date "2019.06.19"]
[Round "3.5"]
[White "Deepan Chakkravarthy J."]
[Black "Srijit Paul"]
[Result "1-0"]
[ECO "A81"]
[WhiteElo "2557"]
[BlackElo "2361"]
[Annotator "ChessBase"]
[PlyCount "132"]
[EventDate "2019.06.17"]
[EventType "swiss"]
[EventCountry "IND"]
[SourceTitle "playchess.com"]
[Source "ChessBase"]
[SourceQuality "1"]
[TimeControl "5400+30"]

1. d4 f5 2. g3 Nf6 3. Bg2 g6 4. c4 Bg7 5. Nc3 O-O 6. Nf3 d6 7. O-O e6 8. Qc2 Nc6 9. d5 Nb4 10. Qb3 Na6 11. dxe6 Nc5 12. Qc2 Bxe6 13. b3 c6 14. Bb2 Qe7 15. Rad1 a5 16. Rfe1 Rad8 17. Nd4 Bd7 18. e3 Nce4 19. h3 Rde8 20. Nxe4 Nxe4 21. a3 Be5 22. Nf3 Bxb2 23. Qxb2 Be6 24. Nd2 d5 25. cxd5 Bxd5 26. Nf3 Qf6 27. Qxf6 Nxf6 28. Nd4 Rf7 29. b4 axb4 30. axb4 Bxg2 31. Kxg2 Nd5 32. b5 Nc3 33. Rd3 Nxb5 34. Nxb5 cxb5 35. Rd5 Rc7 36. Rxb5 Rd8 37. Re2 Rdd7 38. Reb2 h5 39. h4 Kg7 40. Kf3 Re7 41. Rb6 Rcd7 42. R2b4 Kh6 43. Rf6 Rd2 44. Rbb6 Rg7 45. Rxf5 Kh7 46. Rff6 Ra2 47. e4 Rc2 48. Ke3 Ra2 49. Rb3 Rc7 50. Rfb6 Rcc2 51. Rxb7+ Kh6 52. f3 Rg2 53. Kf4 Ra1 54. Rb8 Kg7 55. R3b7+ Kf6 56. e5+ Ke6 57. Rb6+ Kd5 58. Rd6+ Kc5 59. Rc8+ Kb5 60. Rxg6 Ra3 61. e6 Re2 62. Rg5+ Kb6 63. Re5 Rxf3+ 64. Kxf3 Rxe5 65. Rh8 Kc6 66. e7 Kd5 {Ke4+} 1-0

[Event "2nd Goa GM Open 2019"]
[Site "Goa"]
[Date "2019.06.19"]
[Round "3.6"]
[White "Viani Antonio Dcunha"]
[Black "Paichadze, Luka"]
[Result "1-0"]
[ECO "B12"]
[WhiteElo "2362"]
[BlackElo "2557"]
[Annotator "ChessBase"]
[PlyCount "95"]
[EventDate "2019.06.17"]
[EventType "swiss"]
[EventCountry "IND"]
[SourceTitle "playchess.com"]
[Source "ChessBase"]
[SourceQuality "1"]
[TimeControl "5400+30"]

1. e4 c6 2. d4 d5 3. Nd2 g6 4. Ngf3 Bg7 5. Bd3 Nh6 6. c3 O-O 7. Qc2 b6 8. h4 Ba6 9. h5 Bxd3 10. Qxd3 Qc8 11. Nf1 dxe4 12. Qxe4 Ng4 13. hxg6 fxg6 14. Ne3 Nf6 15. Qh4 Re8 16. Bd2 Nbd7 17. Ng4 Nf8 18. Nh6+ Bxh6 19. Bxh6 Qg4 20. O-O-O Qxh4 21. Rxh4 Rad8 22. Ne5 Rd6 23. Re1 N6d7 24. Rhe4 Nf6 25. R4e2 Nd5 26. f4 b5 27. g4 Rc8 28. f5 Nd7 29. Bg5 c5 30. dxc5 Rxc5 31. fxg6 hxg6 32. Bxe7 Nxe7 33. Nxd7 Rxd7 34. Rxe7 Rxe7 35. Rxe7 a5 36. Kc2 Rc4 37. Re5 Rxg4 38. Rxb5 a4 39. a3 g5 40. Rb4 Rh4 41. c4 Rf4 42. c5 Kf7 43. Kd3 Ke6 44. Ke3 Kd5 45. Rxf4 gxf4+ 46. Kxf4 Kxc5 47. Ke5 Kc4 48. Kd6 {[%emt 0:00:07] Kd5+} 1-0

[Event "2nd Goa GM Open 2019"]
[Site "Goa"]
[Date "2019.06.19"]
[Round "3.7"]
[White "Fier, Alexandr"]
[Black "Sankalp Gupta"]
[Result "0-1"]
[ECO "A17"]
[WhiteElo "2543"]
[BlackElo "2359"]
[Annotator "ChessBase"]
[PlyCount "70"]
[EventDate "2019.06.17"]
[EventType "swiss"]
[EventCountry "IND"]
[SourceTitle "playchess.com"]
[Source "ChessBase"]
[SourceQuality "1"]
[TimeControl "5400+30"]

1. c4 Nf6 2. Nc3 e6 3. Nf3 Bb4 4. Qc2 d5 5. e3 c5 6. a3 Bxc3 7. Qxc3 dxc4 8. Bxc4 b6 9. b3 Ba6 10. Bb2 O-O 11. h4 b5 12. Be2 Nbd7 13. Qc2 c4 14. Bd4 Qc7 15. a4 e5 16. Bb2 e4 17. Nd4 bxa4 18. bxc4 Nc5 19. O-O Rab8 20. Nf5 Bc8 21. Bxf6 gxf6 22. Nd4 Kh8 23. f4 Rg8 24. Nb5 Qe7 25. Rf2 Bg4 26. Bf1 Rg7 27. Nc3 f5 28. Nxa4 Nd3 29. Bxd3 exd3 30. Qxd3 Qxh4 31. Qc3 f6 32. d4 Rbg8 33. Raa2 Rg6 34. d5 Rh6 35. Rf1 Bf3 0-1